 Dungeon Crawl Stone Soup version 0.21.0-26-g889b8f6 (webtiles) character file.

63 piemaster the Chopper (level 3, -7/33 HPs)
             Began as a Minotaur Berserker on Jan 27, 2018.
             Was a Believer of Trog.
             Killed by nerve-wracking pain
             ... invoked by Grinder
              (11 damage)
             ... on level 3 of the Dungeon.
             The game lasted 00:04:04 (1481 turns).

piemaster the Chopper (Minotaur Berserker)          Turns: 1481, Time: 00:04:05

Health: -7/33      AC:  6    Str: 22    XL:     3   Next: 87%
Magic:  2/2        EV: 11    Int:  4    God:    Trog [**....]
Gold:   61         SH:  0    Dex:  9    Spells: 2/2 levels left

rFire    . . .     SeeInvis .   a - +0 hand axe
rCold    . . .     Gourm    .   (no shield)
rNeg     . . .     Faith    .   l - +0 ring mail
rPois    .         Spirit   .   (helmet restricted)
rElec    .         Reflect  .   (no cloak)
rCorr    .         Harm     .   j - +0 pair of gloves
MR       .....                  (no boots)
Stlth    ..........             o - amulet of magic regeneration
HPRegen  0.11/turn              (no ring)
MPRegen  0.33/turn              (no ring)

@: no status effects
A: retaliatory headbutt, horns 2
a: Berserk, Trog's Hand, Burn Spellbooks, Renounce Religion


You were on level 3 of the Dungeon.
You worshipped Trog.
Trog was pleased with you.
You were not hungry.

You visited 1 branch of the dungeon, and saw 3 of its levels.

You collected 61 gold pieces.

Inventory:

Hand Weapons
 a - a +0 hand axe (weapon)
Armour
 j - a +0 pair of gloves (worn)
 k - a +0 large shield
 l - a +0 ring mail (worn)
Jewellery
 o - an amulet of magic regeneration (around neck)
Wands
 m - a wand of flame (26)
Scrolls
 b - a scroll of blinking {unknown}
 f - 2 scrolls of identify {unknown}
 g - a scroll of magic mapping {unknown}
 h - a scroll of amnesia {unknown}
 p - a scroll of remove curse {unknown}
 q - a scroll of enchant armour {unknown}
 s - a scroll of teleportation {unknown}
Potions
 d - a potion of lignification {unknown}
 e - a potion of haste
 i - a potion of magic {unknown}
 n - a potion of might {unknown}
Comestibles
 c - 8 rations
 r - a chunk of flesh


   Skills:
 + Level 4.2 Fighting
 * Level 4.8 Axes
 + Level 3.1 Armour
 - Level 2.1 Dodging
 + Level 1.0 Shields


You had 2 spell levels left.
You didn't know any spells.

Dungeon Overview and Level Annotations

Branches:
Dungeon (3/15)

Altars:

Annotations:
D:3 Grinder


Innate Abilities, Weirdness & Mutations

You reflexively headbutt those who attack you in melee.
You have a pair of horns on your head.


Message History

You can move again.
You miss the frilled lizard.
Your headbutt misses the frilled lizard.
You completely miss the kobold. You barely miss Grinder.
The frilled lizard closely misses you. Grinder hits you!
You writhe in agony.
* * * LOW HITPOINT WARNING * * *
The kobold closely misses you.
You miss the frilled lizard. You hit the kobold.
You kill the kobold!
Trog accepts your kill.
You closely miss Grinder.
The frilled lizard bites you but does no damage.
Grinder hits you.
* * * LOW HITPOINT WARNING * * *
You barely miss the goblin. Your headbutt misses the goblin.
You barely miss Grinder. You barely miss the frilled lizard.
The frilled lizard bites you but does no damage.
Grinder gestures at you. Pain shoots through your body!
You die...

#### # ##.. #.####... .
#.......# .# .....#.# #
. .# #"..###.# #.#
#.†l@gr# ..##
##.###5.....# ...###
###..#......##.
##...#####...(.....#....
####.......(.....### ##.
#<..............##
###....#......###
##..........#....
........##.######


You could see Grinder, a goblin, a frilled lizard and a rat.

Vanquished Creatures
  2 worms
  2 dart slugs (D:2)
  An orc (D:3)
  4 bats
  3 giant cockroaches (D:1)
  4 goblins
  8 hobgoblins
  5 jackals
  8 kobolds
  A ball python (D:2)
  7 frilled lizards
  3 rats
48 creatures vanquished.

Notes
Turn   | Place    | Note
-------+----------+-------------------------------------------
     0 | D:1      | piemaster the Minotaur Berserker began the quest for the Orb.
     0 | D:1      | Reached XP level 1. HP: 19/19 MP: 0/0
   115 | D:1      | Reached XP level 2. HP: 24/27 MP: 1/1
   846 | D:2      | Reached XP level 3. HP: 30/33 MP: 2/2
   871 | D:2      | Reached ** piety under Trog
  1459 | D:3      | Reached skill level 1 in Shields
  1466 | D:3      | Noticed Grinder
  1474 | D:3      | Paralysed by Grinder for 5 turns
  1481 | D:3      | Killed from afar by Grinder

Skill      XL: |  1  2  3 |
---------------+----------+-----
Axes           | 4 |  4.8
Fighting       | 4 |  4.2
Armour         | 3 |  3.1
Shields        | 1 |  1.0
Dodging        | |  2.1

Action                   || total
-------------------------++-------
Melee: Hand axe          ||    87
       Headbutt          ||    16
  Use: Potion            ||     1
  Eat: Chunk             ||     2
Armor: Animal skin       ||     4
       Ring mail         ||    29
Dodge: Dodged            ||    64
